 Dungeon Crawl Stone Soup version 0.21.0-30-g47ce8e4 (webtiles) character file.

160 vishdafish the Charmwright (level 5, -4/32 HPs)
             Began as a Gargoyle Skald on Jan 28, 2018.
             Slain by an ogre
             ... wielding a cursed +0 giant club
              (10 damage)
             ... on level 4 of the Dungeon.
             The game lasted 00:03:45 (3231 turns).

vishdafish the Charmwright (Gargoyle Skald)         Turns: 3231, Time: 00:03:46

Health: -4/32      AC:  7    Str: 14    XL:     5   Next: 41%
Magic:  9/9        EV: 12    Int: 15    God:
Gold:   119        SH:  0    Dex:  9    Spells: 8/9 levels left

rFire    . . .     SeeInvis .   l - +0 war axe
rCold    . . .     Gourm    .   (no shield)
rNeg     + . .     Faith    .   b - +0 leather armour
rPois    ∞         Spirit   .   (no helmet)
rElec    +         Reflect  .   (no cloak)
rCorr    .         Harm     .   (no gloves)
MR       .....                  (no boots)
Stlth    +.........             (no amulet)
HPRegen  0.10/turn              (no ring)
MPRegen  0.11/turn              (no ring)

@: about to teleport
A: negative energy resistance 1, electricity resistance, unbreathing,
petrification resistance, rot immunity, AC +4
a: no special abilities


You were on level 4 of the Dungeon.
You were not hungry.

You visited 1 branch of the dungeon, and saw 4 of its levels.

You collected 119 gold pieces.

Inventory:

Hand Weapons
 a - a +0 hand axe
 l - a +0 war axe (weapon)
Armour
 b - a +0 leather armour (worn)
Scrolls
 e - 2 scrolls of identify {unknown}
 f - 2 scrolls of fear {unknown}
 h - a scroll of enchant armour {unknown}
 i - a scroll of teleportation
 k - a scroll of blinking {unknown}
 o - a scroll of immolation {unknown}
 p - 2 scrolls of remove curse {unknown}
 q - a scroll of amnesia {unknown}
Potions
 g - a potion of magic {unknown}
 j - a potion of agility {unknown}
 m - a potion of lignification {unknown}
Books
 c - a book of Battle

   Spells                             Type                      Level
   a - Infusion                       Charms                       1
   b - Shroud of Golubria             Charms/Translocation         2
   c - Song of Slaying                Charms                       2
   d - Spectral Weapon                Hexes/Charms                 3
   e - Regeneration                   Charms/Necromancy            3
Comestibles
 d - 11 rations


   Skills:
 + Level 3.1 Fighting
 + Level 2.5 Axes
 + Level 2.3 Armour
 + Level 2.3 Dodging
 + Level 2.6 Spellcasting
 - Level 3.2 Charms


You had 8 spell levels left.
You knew the following spells:

 Your Spells              Type           Power        Failure   Level  Hunger
a - Infusion              Chrm           ##..         7%          1    #......


Dungeon Overview and Level Annotations

Branches:
Dungeon (4/15)
 Temple: D:4-7

Altars:
Dithmenos
Fedhas
Hepliaklqana
Trog
Vehumet


Innate Abilities, Weirdness & Mutations

You are resistant to torment.
Your stone body is resilient. (AC +4)
You are immune to poison.
You resist negative energy. (rN+)
You are resistant to electric shocks. (rElec)
You can survive without breathing.
You are immune to petrification.
You are immune to rotting.


Message History

Found a war axe and 29 arrows.
You start resting.
The ogre shouts!
An adder comes into view.
The adder hisses angrily.
Found a scroll labeled MUYLAU VISUAVI.
An adder comes into view.
The adder hisses angrily.
You miss the adder. The adder barely misses you. The adder bites you.
You barely miss the adder.
You closely miss the adder. x2; The adder bites you.
* * * LOW HITPOINT WARNING * * *
The adder bites you.
* * * LOW HITPOINT WARNING * * *
The adder closely misses you.
Unknown command.
As you read the scroll of teleportation, it crumbles to dust.
You feel strangely unstable.
The adder bites you but does no damage. x3
The ogre hits you with a giant club!
You die...

######## ##
#......# .. .
#....#?# .#...
#(.#.#@#......
#..#.OSS......
##.#.##.#.#....
##...#.#.#.# #.
#....##..# #
..# ##...# ###
..# ##.#.# .(#
#).## #.# #O##
#.#


You could see an ogre and 2 adders.

Vanquished Creatures
  6 adders
  An ooze (D:3)
  3 worms
  3 dart slugs
  A leopard gecko (D:2)
  4 orcs (D:3)
  3 ball pythons
  10 bats
  8 giant cockroaches
  8 goblins
  10 hobgoblins
  5 jackals (D:1)
  4 kobolds
  A quokka (D:3)
  8 frilled lizards
  5 rats (D:1)
80 creatures vanquished.

Notes
Turn   | Place    | Note
-------+----------+-------------------------------------------
     0 | D:1      | vishdafish the Gargoyle Skald began the quest for the Orb.
     0 | D:1      | Reached XP level 1. HP: 12/12 MP: 3/3
    41 | D:1      | Reached XP level 2. HP: 4/18 MP: 5/5
   635 | D:1      | Reached XP level 3. HP: 21/22 MP: 3/6
  1478 | D:2      | Found a blossoming altar of Fedhas.
  1581 | D:2      | Reached XP level 4. HP: 27/27 MP: 7/7
  1764 | D:2      | Found a hazy altar of Hepliaklqana.
  2144 | D:3      | Found a shadowy altar of Dithmenos.
  2146 | D:3      | Found a bloodstained altar of Trog.
  2149 | D:3      | Found a radiant altar of Vehumet.
  2338 | D:3      | Reached XP level 5. HP: 23/32 MP: 1/8
  3124 | D:4      | Noticed an ogre
  3231 | D:4      | Slain by an ogre

Skill      XL: |  1  2  3  4  5 |
---------------+----------------+-----
Axes           | 2 |  2.5
Dodging        | 2 |  2.3
Charms         | 3 |  3.2
Armour         | 2 |  2.3
Fighting       | 3 |  3.1
Spellcasting   | |  2.6

Action                   |  1- 3 |  4- 6 || total
-------------------------+-------+-------++-------
Melee: Hand axe          |   156 |    64 ||   220
       War axe           |       |    61 ||    61
 Cast: Infusion          |     4 |     6 ||    10
  Use: Scroll            |       |     2 ||     2
 Stab: Sleeping          |     1 |       ||     1
  Eat: Chunk             |     2 |     6 ||     8
Armor: Leather armour    |    96 |    52 ||   148
Dodge: Dodged            |   130 |    86 ||   216
